 Dungeon Sprint DCSS version 0.32-a0-433-g08bcfe7efd (webtiles) character file.

Game seed: 10814071861395319583

601 adelrune the Basher (level 7, -7/61 HPs)
             Began as a Formicid Fighter on Feb 22, 2024.
             Was a Follower of Cheibriados.
             Mangled by a two-headed ogre
             ... wielding a +0 giant club
              (18 damage)
             ... in the Dungeon (Sprint IX: "|||||||||||||||||||||||||||||").
             The game lasted 00:01:30 (211 turns).

adelrune the Basher (Formicid Fighter)               Turns: 211, Time: 00:01:30

Health: -7/61      AC: 16    Str: 25    XL:     7   Next: 69%
Magic:  7/7        EV: 11    Int:  9    God:    Cheibriados [*.....]
Gold:   0          SH:  6    Dex: 15    Spells: 6/6 levels left

rFire   . . .        a - +0 flail
rCold   . . .        c - +0 buckler
rNeg    . . .        l - +0 plate armour
rPois   .            (helmet unavailable)
rElec   .            k - +0 cloak
rCorr   .            (no gloves)
SInv    +            (no boots)
Will    .....        (no amulet) Stlth
                     m - +2 ring of protection
HPRegen 0.30/turn    n - +2 ring of evasion
MPRegen 0.10/turn

%: no passive effects
@: mighty, very slow
A: permanent stasis, dig shafts and tunnels, antennae 3, four strong arms
a: Dig, Renounce Religion, Bend Time


You were in the Dungeon.
You worshipped Cheibriados.
Cheibriados was aware of your devotion.
You visited 1 branch

Inventory:

Hand Weapons
 a - a +0 flail (weapon)
Armour
 b - a +0 scale mail
 c - a +0 buckler (worn)
 k - a +0 cloak (worn)
 l - a +0 plate armour (worn)
Jewellery
 m - a +2 ring of protection (left hand)
 n - a +2 ring of evasion (right hand)
Wands
 j - a wand of light (10)
Scrolls
 i - 2 scrolls of amnesia
Potions
 e - 5 potions of curing
 f - a potion of invisibility
 g - 4 potions of magic


   Skills:
 + Level 7.8 Fighting
 * Level 9.4 Maces & Flails
 + Level 7.8 Armour
 + Level 5.5 Dodging
 + Level 9.1 Shields


You had 6 spell levels left.
You didn't know any spells.
Your spell library was empty.

Dungeon Overview and Level Annotations

Branches:
Dungeon (1/1)

Altars:
Cheibriados
Dithmenos
Elyvilon
Fedhas
Gozag
Hepliaklqana
Kikubaaqudgha
Makhleb
Nemelex Xobeh
Okawaru
Qazlal
Ru
Sif Muna
Trog
Uskayaw
Vehumet
Wu Jian
Xom
Yredelemnul
Zin
The Shining One
Beogh
Jiyva
Lugonu


Innate Abilities, Weirdness & Mutations

You cannot be hasted, slowed, berserked, paralysed or teleported.
You can dig through walls and to a lower floor.
You have a pair of large antennae on your head. (SInv)
Your four strong arms can wield two-handed weapons with a shield.


Message History

Cheibriados appreciates the change of pace.
Your Fighting skill increases to level 7!
Your Maces & Flails skill gained 2 levels and is now at level 8!
Your Armour skill increases to level 7!
Your Dodging skill gained 2 levels and is now at level 5!
Your Shields skill increases to level 8!
You have reached level 7!
You feel much better. The troll closely misses you.
You block the troll's attack. The troll claws you!
You sock the troll!
The troll is lightly wounded.
The troll bites you but does no damage. The troll closely misses you.
The troll claws you!
You closely miss the troll.
The troll is lightly wounded.
The troll misses you. You block the troll's attack.
The troll claws you but does no damage.
You sock the troll!
The troll is moderately wounded.
The troll bites you. The troll claws you.
* * * LOW HITPOINT WARNING * * *
The troll claws you but does no damage.
You thump the troll!
The troll is severely wounded.
The troll bites you but does no damage. The troll claws you but does no damage.
The troll claws you!
* * * LOW HITPOINT WARNING * * *
You sock the troll!
You kill the troll!
Cheibriados appreciates the change of pace.
You can now bend time to slow others.
Cheibriados raises the support of your attributes as your movement slows.
The troll leather armour is intact enough to wear.
Your Maces & Flails skill increases to level 9!
Your Shields skill increases to level 9!
You bludgeon the two-headed ogre!!
The two-headed ogre is moderately wounded.
The two-headed ogre hits you with a +0 giant club!!
You die...
Cheibriados appreciates the motionlessness of death.

▓.▓
▓.▓
▓y▓
▓.▓
▓T▓
▓O▓
▓O▓
▓@▓
{
▓.▓
{
▓.▓
{
▓.▓
{
▓[▓
{
▓.▓
{
▓)▓
{
▓?▓
{
▓.▓


You could see 2 two-headed ogres, a troll and a vampire mosquito.

Vanquished Creatures
  2 trolls (D)
  A black bear (D)
  2 hounds (D)
  A jelly (D)
  An orc (D)
  2 hobgoblins (D)
  2 quokkas (D)
  A rat (D)
12 creatures vanquished.

Notes
Turn   | Place    | Note
-------+----------+-------------------------------------------
     0 | D        | adelrune the Formicid Fighter began the quest for the Orb.
     0 | D        | Reached XP level 1. HP: 18/18 MP: 1/1
    25 | D        | Reached skill level 1 in Dodging
    25 | D        | Reached XP level 2. HP: 22/25 MP: 2/2
    31 | D        | Noticed a black bear
    45 | D        | Reached skill level 5 in Shields
    45 | D        | Reached XP level 3. HP: 7/31 MP: 3/3
    52 | D        | Reached XP level 4. HP: 32/38 MP: 4/4
    57 | D        | Reached skill level 5 in Fighting
    57 | D        | Reached skill level 5 in Maces & Flails
    57 | D        | Reached skill level 5 in Armour
    57 | D        | Reached XP level 5. HP: 38/44 MP: 5/5
    63 | D        | Killed a black bear
    64 | D        | Reached XP level 6. HP: 35/52 MP: 6/6
   129 | D        | Found a roughly hewn altar of Beogh.
   129 | D        | Found a snail-covered altar of Cheibriados.
   129 | D        | Found a shadowy altar of Dithmenos.
   129 | D        | Found a white marble altar of Elyvilon.
   129 | D        | Found a blossoming altar of Fedhas.
   129 | D        | Found an opulent altar of Gozag.
   130 | D        | Found a hazy altar of Hepliaklqana.
   131 | D        | Found a viscous altar of Jiyva.
   132 | D        | Found an ancient bone altar of Kikubaaqudgha.
   133 | D        | Became a worshipper of Cheibriados the Contemplative
   134 | D        | Found a corrupted altar of Lugonu.
   135 | D        | Found a burning altar of Makhleb.
   136 | D        | Found a sparkling altar of Nemelex Xobeh.
   137 | D        | Found an iron altar of Okawaru.
   138 | D        | Found a stormy altar of Qazlal.
   139 | D        | Found a sacrificial altar of Ru.
   140 | D        | Found a shimmering blue altar of Sif Muna.
   141 | D        | Found a bloodstained altar of Trog.
   142 | D        | Found a hide-covered altar of Uskayaw.
   143 | D        | Found a radiant altar of Vehumet.
   144 | D        | Found an ornate altar of the Wu Jian Council.
   145 | D        | Found a shimmering altar of Xom.
   146 | D        | Found a basalt altar of Yredelemnul.
   147 | D        | Found a glowing silver altar of Zin.
   148 | D        | Found a glowing golden altar of the Shining One.
   191 | D        | Noticed a troll
   191 | D        | Noticed a two-headed ogre
   191 | D        | Noticed a vampire mosquito
   191 | D        | Noticed a two-headed ogre
   191 | D        | Noticed a troll
   191 | D        | Noticed a troll
   204 | D        | Killed a troll
   205 | D        | Reached skill level 5 in Dodging
   205 | D        | Reached XP level 7. HP: 11/60 MP: 7/7
   210 | D        | Killed a troll
   210 | D        | Reached * piety under Cheibriados
   211 | D        | Mangled by a two-headed ogre

Illustrated notes

Levels and vault maps discovered:
D:        linesprint [early_d, line_temple, items_1, d_10, items_2, lair_1,
          lair_end, items_3, orc_1, orc_end, items_4, d_15, swamp_1, shoals_1,
          snake_1, spider_1, d_20, vaults_1, items_5, swamp_end, shoals_end,
          snake_end, spider_end, vaults_end, d_27, items_6, zot_1, zot_end,
          crypt_end, forest_end, elf_end, slime_end, tomb_end, abyss_end,
          pan_hell_end]

Skill      XL: |  1  2  3  4  5  6  7 |
---------------+----------------------+-----
Dodging        | 1 2 3 5 |  5.5
Maces & Flails | 4 5 6 8 9 |  9.4
Fighting       | 4 5 6 7 |  7.8
Armour         | 4 5 6 7 |  7.8
Shields        | 5 6 7 8 9 |  9.1

Action                     |  1- 3 |  4- 6 |  7- 9 || total
---------------------------+-------+-------+-------++-------
  Melee: Flail             |    40 |    23 |     6 ||    69
    Use: Potion            |     1 |     2 |     1 ||     4
 Armour: Scale mail        |    20 |    10 |       ||    30
         Plate armour      |       |    19 |    11 ||    30
  Dodge: Dodged            |    25 |    23 |     3 ||    51
  Block: Buckler           |     7 |    15 |     2 ||    24

Table legend: (Time is in decaauts)
 A = Elapsed time spent in this place.
 B = Non-inter-level travel time spent in this place.
 C = Inter-level travel time spent in this place.
 D = Time resting spent in this place.
 E = Time spent auto-exploring this place.
 F = Levels seen in this place.
 G = Mean time per level.
                   A        B        C        D        E       F      G
               +--------+--------+--------+--------+--------+-----+--------+
         Total |    233 |    233 |      0 |     59 |      0 |   1 |  233.0 |
       Dungeon |    233 |    233 |      0 |     59 |      0 |   1 |  233.0 |
               +--------+--------+--------+--------+--------+-----+--------+

Top non-repeatable levels by time:
       D: 233 daAuts
